 Dungeon Crawl Stone Soup version 0.23.1-37-gaa34b87b72 (webtiles) character file.

Game seed: 10564678551011560691

199 PentaManta the Shooter (level 5, -5/46 HPs)
             Began as a Centaur Hunter on Mar 25, 2019.
             Killed by nerve-wracking pain
             ... invoked by an orc priest
              (6 damage)
             ... on level 3 of the Dungeon.
             The game lasted 00:03:49 (2034 turns).

PentaManta the Shooter (Centaur Hunter)             Turns: 2034, Time: 00:03:49

Health: -5/46      AC:  4    Str: 15    XL:     5   Next: 48%
Magic:  5/5        EV:  9    Int: 10    God:
Gold:   126        SH:  0    Dex: 10    Spells: 4/4 levels left

rFire    . . .     SeeInvis .   a - +1 shortbow
rCold    . . .     Gourm    .   (shield currently unavailable)
rNeg     . . .     Faith    .   c - +0 leather armour
rPois    .         Spirit   .   (no helmet)
rElec    .         Reflect  .   (no cloak)
rCorr    .         Harm     .   (no gloves)
MR       .....                  (no barding)
Stlth    +.........             (no amulet)
HPRegen  0.15/turn              (no ring)
MPRegen  0.09/turn              (no ring)

@: very quick
A: large, hooves 3, deformed body, speed 2, tough skin 3
a: no special abilities


You were on level 3 of the Dungeon.
You were not hungry.

You visited 1 branch of the dungeon, and saw 3 of its levels.

You collected 126 gold pieces.

Inventory:

Hand Weapons
 a - a +1 shortbow (weapon)
 b - a +0 short sword
Missiles
 d - 20 arrows (quivered)
Armour
 c - a +0 leather armour (worn)
Scrolls
 e - a scroll of magic mapping {unknown}
 i - a scroll of enchant armour {unknown}
 j - a scroll of identify {unknown}
 n - a scroll of remove curse {unknown}
Potions
 g - 3 potions of curing {unknown}
 h - a potion of mutation {unknown}
 k - a potion of invisibility {unknown}
 l - a potion of agility {unknown}
 m - a potion of flight {unknown}
Comestibles
 f - 3 rations


   Skills:
 + Level 4.1 Fighting
 + Level 7.3 Bows
 - Level 1.6 Dodging
 - Level 0.4 Stealth


You had 4 spell levels left.
You didn't know any spells.
Your spell library was empty.

Dungeon Overview and Level Annotations

Branches:
Dungeon (3/15)

Altars:
Uskayaw


Innate Abilities, Weirdness & Mutations

You have hooves in place of feet.
Armour fits poorly on your strangely shaped body.
You cover ground very quickly.
You have extremely tough skin. (AC +3)


Message History

You kill the orc!
The orc priest hits you with a +0 hand axe.
* * * LOW HITPOINT WARNING * * *
Firing (i - inventory)
d - 22 arrows (quivered)
Press: ? - help, Shift-Dir - straight line, f/p - orc priest
Aim: an orc priest, wielding a +0 hand axe (moderately wounded)
You shoot an arrow. The arrow hits the orc priest.
The orc priest is moderately wounded.
The orc priest mumbles some strange prayers to Beogh against you.
Beogh smites you!
* * * LOW HITPOINT WARNING * * *
The orc priest barely misses you.
Firing (i - inventory)
d - 21 arrows (quivered)
Press: ? - help, Shift-Dir - straight line, f/p - orc priest
Aim: an orc priest, wielding a +0 hand axe (moderately wounded)
You shoot an arrow. The arrow hits the orc priest!
The orc priest is almost dead.
The orc priest mumbles some strange prayers to Beogh against you.
Pain shoots through your body!
You die...

## #.#
#>###############
##(oo@..........#####
#(##########........##
#(## ##.##.###.## #(
######...#.##.#.# #.
#............###. #o
#.####...#.##.#.# #o
##.#...##.#. #o
...##.###.#. #.
###..........


You could see 2 orc priests.

Vanquished Creatures
  2 orc wizards
  6 adders (D:2)
  4 gnolls
  2 dart slugs (D:2)
  A leopard gecko (D:3)
  5 orcs
  A ball python (D:1)
  2 giant cockroaches
  3 goblins
  6 hobgoblins
  2 kobolds (D:1)
  8 bats
  3 frilled lizards
  7 rats
52 creatures vanquished.

Notes
Turn   | Place    | Note
-------+----------+-------------------------------------------
     0 | D:1      | PentaManta the Centaur Hunter began the quest for the Orb.
     0 | D:1      | Reached XP level 1. HP: 17/17 MP: 1/1
   342 | D:1      | Reached XP level 2. HP: 24/24 MP: 2/2
   649 | D:1      | Reached XP level 3. HP: 30/30 MP: 3/3
  1080 | D:2      | Reached skill level 6 in Bows
  1113 | D:2      | Reached XP level 4. HP: 19/38 MP: 4/4
  1668 | D:2      | Reached XP level 5. HP: 46/46 MP: 5/5
  1672 | D:2      | Reached skill level 7 in Bows
  1741 | D:2      | Found a hide-covered altar of Uskayaw.
  2033 | D:3      | HP: 1/46 [orc priest/divine providence (11)]
  2034 | D:3      | Killed from afar by an orc priest

Skill      XL: |  1  2  3  4  5 |
---------------+----------------+-----
Bows           | 6 7 |  7.3
Fighting       | 3 4 |  4.1
Dodging        | |  1.6
Stealth        | |  0.4

Action                   |  1- 3 |  4- 6 || total
-------------------------+-------+-------++-------
 Fire: Shortbow          |    78 |    81 ||   159
  Eat: Chunk             |       |     2 ||     2
Armor: Leather armour    |    12 |     9 ||    21
Dodge: Dodged            |    16 |     5 ||    21
